 Dungeon Crawl Stone Soup version 0.30-a0-862-g1aabd4f9c5 (webtiles) character file.

Game seed: 9096243085028269312

303 Newt the Skirmisher (level 6, -8/38 (40) HPs)
             Began as a Kobold Hunter on Mar 8, 2023.
             Shot with an arrow by a centaur (16 damage)
             ... on level 4 of the Dungeon.
             The game lasted 00:02:06 (3447 turns).

Newt the Skirmisher (Kobold Hunter)                 Turns: 3447, Time: 00:02:07

HP:   -8/38 (40)    AC:  5    Str:  8    XL:     6   Next: 66%
MP:   6/6           EV: 14    Int: 11    God:
Gold: 194           SH:  0    Dex: 20    Spells: 5/5 levels left

rFire   . . .      SeeInvis .    a - +2 shortbow
rCold   . . .      Faith    .    (shield currently unavailable)
rNeg    . . .      Spirit   .    c - +0 leather armour
rPois   .          Reflect  .    (no helmet)
rElec   .          Rampage  .    (no cloak)
rCorr   .                        e - +1 pair of gloves
Will    .....                    (no boots)
Stlth   +++                      (no amulet)
HPRegen 0.26/turn                (no ring)
MPRegen 0.10/turn                (no ring)

@: drained
A: small, no large weapons, nightstalker 3
a: no special abilities


You were on level 4 of the Dungeon.
You visited 1 branch of the dungeon, and saw 4 of its levels.

You collected 194 gold pieces.

Inventory:

Hand Weapons
 a - a +2 shortbow (weapon)
Armour
 c - a +0 leather armour (worn)
 e - a +1 pair of gloves (worn)
Jewellery
 j - a ring of ice
 p - a +6 ring of intelligence
Scrolls
 b - a scroll of immolation
 f - a scroll of vulnerability
 g - a scroll of silence
 i - a scroll of blinking
 o - a scroll of teleportation {unknown}
Potions
 d - 2 potions of brilliance
 h - a potion of heal wounds {unknown}
 k - a potion of degeneration
 l - a potion of might {unknown}
 m - a potion of curing {unknown}
 n - a potion of flight {unknown}


   Skills:
 - Level 5.0 Fighting
 * Level 8.2 Ranged Weapons
 - Level 2.4 Dodging
 - Level 1.3 Stealth


You had 5 spell levels left.
You didn't know any spells.
Your spell library contained the following spells:

 Spells                   Type           Power      Damage    Failure   Level
 Lesser Beckoning         Tloc           0%         N/A       61%         2
 Gell's Gravitas          Tloc           0%         N/A       83%         3
 Teleport Other           Tloc           0%         N/A       83%         3
 Dispersal                Tloc           0%         N/A       100%        6


Dungeon Overview and Level Annotations

Branches:
Dungeon (4/15)
 Temple: D:4-7

Altars:
Cheibriados

Annotations:
D:3 3 runed translucent doors


Innate Abilities, Weirdness & Mutations

You are small and have problems with some larger weapons.
You are completely attuned to the shadows.


Message History

A phantom comes into view.
A phantom is nearby!
You shoot an arrow. The arrow hits the phantom!
The phantom is moderately damaged.
You hear a shout!
A centaur comes into view.
You shoot an arrow. The arrow hits the phantom.
The phantom is moderately damaged.
You shoot an arrow. The arrow closely misses the phantom.
The centaur wields a +3 shortbow of draining.
You sense an unholy aura.
The centaur shoots an arrow.
The arrow hits you!
You feel drained.
You shoot an arrow.
The arrow hits the phantom but does no damage.
The phantom is moderately damaged.
The phantom hits you but does no damage.
The centaur unwields a +3 shortbow of draining.
The centaur hits you. The centaur misses you.
You shoot an arrow. The arrow hits the phantom.
The phantom is heavily damaged.
The centaur barely misses you. The centaur kicks you. The phantom misses you.
The centaur misses you.
The centaur kicks you but does no damage.
The phantom barely misses you.
You shoot an arrow. The arrow misses the phantom.
The centaur completely misses you.
The centaur kicks you but does no damage.
The phantom misses you.
You shoot an arrow. The arrow hits the phantom.
The phantom is severely damaged.
The centaur closely misses you. The centaur kicks you. The phantom hits you.
The phantom blinks!
You blink.
The centaur wields a +3 shortbow of draining.
You sense an unholy aura.
The centaur shoots an arrow.
The arrow hits you!
* * * LOW HITPOINT WARNING * * *
You feel drained.
* * * LOW HITPOINT WARNING * * *
You are too injured to fight recklessly!
The centaur shoots an arrow.
The arrow hits you!
You die...

#....## ##...#######
#.##..## ##.....# ## #
###.###.#...## #.
##.#.###.## #. ####.##
#.# #. ..#### #.# #.
#.# ##'## #. #.#
##...## #. ###@#
##.....## #. #.#.#.#
##.......## ##
....W.###.........####
#....c..'.........'...
#....####.........###.
#.#.## ##.......## ##
..## ##.....## #
##...## ##'##


You could see a phantom and a centaur.

Vanquished Creatures
  An ogre (D:4)
  A scorpion (D:4)
  2 iguanas
  3 adders
  4 worms
  4 dart slugs
  6 orcs (D:3)
  8 ball pythons
  4 endoplasms
  3 giant cockroaches
  5 goblins
  6 hobgoblins
  3 kobolds
  4 quokkas
  2 bats
  4 frilled lizards
  2 rats (D:1)
62 creatures vanquished.

Notes
Turn   | Place    | Note
-------+----------+-------------------------------------------
     0 | D:1      | Newt the Kobold Hunter began the quest for the Orb.
     0 | D:1      | Reached XP level 1. HP: 12/12 MP: 1/1
   209 | D:1      | Reached XP level 2. HP: 18/18 MP: 2/2
   626 | D:1      | Reached XP level 3. HP: 23/23 MP: 3/3
  1539 | D:2      | Reached XP level 4. HP: 24/30 MP: 4/4
  1696 | D:2      | Found a snail-covered altar of Cheibriados.
  1933 | D:3      | Reached skill level 5 in Fighting
  1933 | D:3      | Reached XP level 5. HP: 16/35 MP: 5/5
  2294 | D:3      | Reached skill level 6 in Ranged Weapons
  2756 | D:3      | Found a runed translucent gate.
  2756 | D:3      | Found a runed translucent gate.
  2756 | D:3      | Found a runed translucent gate.
  3006 | D:4      | Reached skill level 7 in Ranged Weapons
  3006 | D:4      | Reached XP level 6. HP: 24/40 MP: 6/6
  3137 | D:4      | Noticed an ogre
  3143 | D:4      | Killed an ogre
  3206 | D:4      | Reached skill level 8 in Ranged Weapons
  3447 | D:4      | Shot with an arrow by a centaur

Illustrated notes

Levels and vault maps discovered:
D:1:      dpeg_arrival_pits, layout_basic, serial_curves, eino_curves_01,
          eino_curves_04, minmay_pentomino_z4
D:2:      minmay_door_path, layout_basic, basic_altar
D:3:      layout_basic, gammafunk_ghost_necromancy, roderic_malta_cross
D:4:      layout_loops_corners

Skill      XL: |  1  2  3  4  5  6 |
---------------+-------------------+-----
Fighting       | 3 4 5 |  5.0
Ranged Weapons | 7 8 |  8.2
Dodging        | |  2.4
Stealth        | |  1.3

Action                     |  1- 3 |  4- 6 || total
---------------------------+-------+-------++-------
   Fire: Shortbow          |    72 |    95 ||   167
    Use: Scroll            |     6 |     2 ||     8
 Armour: Leather armour    |     7 |     9 ||    16
  Dodge: Dodged            |    22 |    32 ||    54

Table legend: (Time is in decaauts)
 A = Elapsed time spent in this place.
 B = Non-inter-level travel time spent in this place.
 C = Inter-level travel time spent in this place.
 D = Time resting spent in this place.
 E = Time spent auto-exploring this place.
 F = Levels seen in this place.
 G = Mean time per level.
                   A        B        C        D        E       F      G
               +--------+--------+--------+--------+--------+-----+--------+
         Total |   3490 |   3337 |    153 |    328 |   2679 |   4 |  872.5 |
       Dungeon |   3490 |   3337 |    153 |    328 |   2679 |   4 |  872.5 |
               +--------+--------+--------+--------+--------+-----+--------+

Top non-repeatable levels by time:
     D:1: 1139 daAuts
     D:3: 1102 daAuts
     D:2: 741 daAuts
     D:4: 507 daAuts
